 Dungeon Crawl Stone Soup version 0.16.1-16-gc44b35d (webtiles) character file.

93 Donbo the Firebug (level 4, -6/30 HPs)
             Began as a Demonspawn Fire Elementalist on May 8, 2015.
             Mangled by an ogre
             ... wielding a +0 giant spiked club
              (10 damage)
             ... on level 3 of the Dungeon.
             The game lasted 00:21:23 (3968 turns).

Donbo the Firebug (Demonspawn Fire Elementalist)    Turns: 3968, Time: 00:21:23

Health: -6/30      AC:  3    Str:  9    XL:     4   Next: 36%
Magic:  2/8        EV: 13    Int: 17    God:
Gold:   123        SH:  0    Dex: 13    Spells: 1 memorised, 7 levels left

rFire  . . .     SeeInvis .     s - +3 dagger
rCold  . . .     Clarity  .     a - +0 robe
rNeg   . . .     SustAb   .     (no shield)
rPois  .         Gourm    .     (no helmet)
rElec  .         Spirit   .     g - +0 cloak
rCorr  .         Warding  .     (no gloves)
rMut   .         Stasis   .     (no boots)
MR     .....                    (no amulet)
Stlth  ++........               (no ring)
                                k - ring of teleport control

@: controlling teleports, not resistant to hostile enchantments, unstealthy
A: hooves 2
a: Evoke Teleport Control


You were on level 3 of the Dungeon.
You were not hungry.

You visited 1 branch of the dungeon, and saw 3 of its levels.

You collected 123 gold pieces.

Inventory:

Hand weapons
 s - a +3 dagger (weapon)
Armour
 a - a +0 robe (worn)
 g - a +0 cloak (worn)
Jewellery
 k - a ring of teleport control (left hand)
Scrolls
 h - 2 scrolls of fear {unknown}
 i - 2 scrolls of blinking {unknown}
 l - 2 scrolls of remove curse {unknown}
 o - a scroll of enchant weapon {unknown}
 p - a scroll of random uselessness {unknown}
 q - 3 scrolls of identify {unknown}
 r - a scroll of fog {unknown}
Potions
 d - 3 potions of curing {unknown}
 j - 3 potions of resistance {unknown}
 n - 2 potions of restore abilities {unknown}
 t - a potion of might {unknown}
 u - a potion of lignification {unknown}
Books
 b - a book of Flames

   Spells                             Type                      Level
   a - Flame Tongue                   Conjuration/Fire             1
   b - Throw Flame                    Conjuration/Fire             2
   c - Conjure Flame                  Conjuration/Fire             3
   d - Inner Flame                    Hexes/Fire                   3
   e - Sticky Flame                   Conjuration/Fire             4
   f - Fireball                       Conjuration/Fire             5
Comestibles
 c - a bread ration


   Skills:
 + Level 0.2 Fighting
 + Level 2.6 Dodging
 + Level 1.8 Stealth
 + Level 2.6 Spellcasting
 + Level 2.1 Conjurations
 + Level 3.2 Fire Magic


You had 7 spell levels left.
You knew the following spells:

 Your Spells              Type           Power        Failure   Level  Hunger
a - Flame Tongue          Conj/Fire      ##...        10%         1    #......


Dungeon Overview and Level Annotations

Branches:
Dungeon (3/15)

Altars:
Elyvilon
Fedhas
Kikubaaqudgha


Innate Abilities, Weirdness & Mutations

You have hoof-like feet.


Message History

Aiming: Flame Tongue
Press: ? - help, Shift-Dir - straight line, f/p - ogre
Aim: an ogre, wielding a giant spiked club (moderately wounded)
The flame tongue hits the ogre.
The ogre is heavily wounded.
The ogre hits you with a giant spiked club!!
Ouch! That really hurt!
* * * LOW HITPOINT WARNING * * *
Casting: Flame Tongue
Confirm with . or Enter, or press ? or * to list all spells.
Aiming: Flame Tongue
Press: ? - help, Shift-Dir - straight line, p - ogre
Okay, then.
Use which ability? (? or * to list)
You fail to use your ability.
The ogre barely misses you.
Autopickup is now off.
Use which ability? (? or * to list)
You feel in control.
You feel somewhat more hungry.
The ogre hits you with a giant spiked club!
You die...

..# .... ... #.##....# ....
#.##....######.....
................... ...
..............<.. ...# #..#
#...##.#.# .....
#..####...##...#####..... .
..†...+......####...........
..#####.........@....# ###.#
..(.)...)..######O.### #.... ....
#+#####+#..#..# #w'# ###.#.##....
#.# #.##.#..#≈≈..≈≈#...#.##....
..#####..###..#≈8..8≈###.#.# ....
..........##..+..♣♣..+...#.###...
.♣..>..♣..)'..+.. ..+...........
.......(..##).#≈8 8≈#.#.#.#)....
..#####..##...#≈≈ ≈≈#.#.#...⌠..#


You could see a worm and an ogre.

Vanquished Creatures
  2 adders
  A worm (D:3)
  3 giant geckos
  An ooze (D:1)
  4 orcs (D:3)
  10 bats
  7 giant cockroaches
  8 goblins
  5 hobgoblins
  2 jackals (D:1)
  5 kobolds
  A ball python (D:2)
  4 giant newts
  7 rats
60 creatures vanquished.

Notes
Turn   | Place    | Note
--------------------------------------------------------------
     0 | D:1      | Donbo, the Demonspawn Fire Elementalist, began the quest for the Orb.
     0 | D:1      | Reached XP level 1. HP: 13/13 MP: 3/3
   904 | D:1      | Gained mutation: You have large cloven feet. [demonic ancestry]
   904 | D:1      | Reached XP level 2. HP: 16/19 MP: 0/4
   927 | D:1      | Reached skill level 3 in Fire Magic
  1577 | D:1      | Gained mutation: You have hoof-like feet. [demonic ancestry]
  1577 | D:1      | Reached XP level 3. HP: 22/24 MP: 4/6
  2685 | D:2      | Found a white marble altar of Elyvilon.
  2685 | D:2      | Found a blossoming altar of Fedhas.
  3093 | D:3      | Reached XP level 4. HP: 28/30 MP: 5/8
  3234 | D:3      | Found an ancient bone altar of Kikubaaqudgha.
  3961 | D:3      | Noticed an ogre
  3968 | D:3      | Mangled by an ogre

Action                   |  1- 3 |  4- 6 || total
-------------------------+-------+-------++-------
Melee: Dagger            |    49 |       ||    49
       Unarmed           |     3 |       ||     3
       Short sword       |    25 |    21 ||    46
 Cast: Flame Tongue      |    64 |    29 ||    93
 Abil: Evoke Teleport Co |       |     1 ||     1
  Eat: Meat ration       |     1 |       ||     1
       Pizza             |     1 |     1 ||     2
       Beef jerky        |     1 |       ||     1
       Bread ration      |       |     1 ||     1
